AoeStats
← MZTK | GaboxNet .i.

Arabia

510034827Analyzed
2v2 RM · 3d ago on Sep 29, 2026· 57m 54s· 4 players
Game mode
Random Map
Map size
Medium (4 player)
Population
200
Speed
Normal
Resources
Standard
Victory
Conquest
Starting age
Dark Age
Ending age
Imperial Age
RankedLock teamsTeams togetherTeam positionsShared explorationLock speedFull tech treeHidden civsTurbo modeCheats
Victory
Defeat
🇲🇽 Mongols · Mexico
1124
+14
🇲🇽 Malians · Mexico
1094
+14
🇦🇷 Magyars · Argentina
1072
-14
🇦🇷 Slavs · Argentina
1065
-14
MZTK | GaboxNet .i.
1:38 Loom
9:16 Feudal Age
9:30 Man-at-Arms
11:35 Arson
17:17 Double-Bit Axe
21:23 Castle Age
20:12 Horse Collar
20:41 Scale Mail Armor
21:40 Forging
21:36 Long Swordsman
22:33 Chain Mail Armor
23:01 Squires
31:00 Wheelbarrow
30:47 Bow Saw
32:25 Heavy Plow
37:43 Iron Casting
42:09 Imperial Age
42:26 Hand Cart
42:31 Two-Handed Swordsman
43:47 Plate Mail Armor
42:53 Pikeman
49:18 Conscription
51:01 Champion
56:18 Chemistry
57:53 Crop Rotation
jorgeage34
6:36 Loom
8:43 Feudal Age
9:38 Double-Bit Axe
16:39 Scale Barding Armor
17:28 Horse Collar
18:13 Fletching
24:33 Castle Age
23:29 Gold Mining
26:47 Bodkin Arrow
27:32 Bloodlines
27:23 Husbandry
28:14 Wheelbarrow
28:27 Chain Barding Armor
29:03 Stone Mining
31:37 Bow Saw
36:35 Imperial Age
35:07 Forging
36:17 Hand Cart
36:03 Murder Holes
36:29 Ballistics
37:26 Iron Casting
37:05 Heavy Camel Rider
38:22 Conscription
38:38 Heavy Plow
40:39 Chemistry
41:23 Gold Shaft Mining
41:05 Bracer
42:06 Blast Furnace
41:49 Stone Shaft Mining
42:12 Town Watch
43:19 Parthian Tactics
43:00 Thumb Ring
44:57 Town Patrol
47:15 Elite Mangudai
53:29 Padded Archer Armor
53:39 Elite Skirmisher
Hola
6:56 Loom
9:12 Feudal Age
10:54 Double-Bit Axe
17:32 Horse Collar
21:41 Castle Age
21:46 Light Cavalry
22:40 Bloodlines
22:35 Husbandry
23:09 Scale Barding Armor
22:41 Light Cavalry
25:53 Bow Saw
28:13 Fletching
29:54 Gold Mining
31:45 Chain Barding Armor
33:30 Bodkin Arrow
35:31 Gold Shaft Mining
37:16 Wheelbarrow
39:43 Imperial Age
38:17 Stone Mining
39:28 Pikeman
40:11 Scale Mail Armor
39:58 Cavalier
41:25 Plate Barding Armor
40:42 Arson
40:57 Halberdier
41:33 Town Watch
44:07 Paladin
AquilesDaiMoN
5:21 Loom
10:05 Feudal Age
10:41 Double-Bit Axe
17:34 Horse Collar
18:59 Wheelbarrow
22:53 Castle Age
22:23 Fletching
22:34 Padded Archer Armor
24:02 Crossbowman
25:51 Hand Cart
26:24 Bodkin Arrow
26:44 Leather Archer Armor
30:17 Husbandry
31:00 Bow Saw
30:52 Heavy Plow
31:16 Forging
31:12 Scale Barding Armor
33:10 Squires
33:10 Town Watch
34:46 Scale Mail Armor
39:53 Imperial Age
37:46 Ballistics
37:19 Pikeman
38:18 Gold Mining
38:18 Stone Mining
40:40 Chain Mail Armor
41:00 Iron Casting
40:45 Chain Barding Armor
42:06 Two-Man Saw
40:47 Cavalier
41:38 Halberdier
42:51 Plate Mail Armor
44:10 Gold Shaft Mining
46:56 Conscription
46:37 Druzhina
48:58 Town Patrol
50:04 Blast Furnace
49:40 Plate Barding Armor
49:21 Leather Archer Armor
51:27 Chemistry
52:47 Light Cavalry
53:38 Bloodlines
58:51 Crop Rotation
Connection lost

Rejoining the realm…

Still unreachable

The connection could not be restored.

Session expired

The server has moved on; the page needs a fresh start.